 Dungeon Crawl Stone Soup version 0.25-a0-1024-gbfbf38f2cb (webtiles) character file.

Game seed: 1166193289937758066, levelgen mode: deterministic

32 Flugslaktarn the Skirmisher (level 3, -1/34 HPs)
             Began as a Naga Fighter on May 12, 2020.
             Slain by an adder (4 damage)
             ... on level 2 of the Dungeon.
             The game lasted 00:00:25 (935 turns).

Flugslaktarn the Skirmisher (Naga Fighter)           Turns: 935, Time: 00:00:26

Health: -1/34      AC:  5    Str: 18    XL:     3   Next: 25%
Magic:  3/3        EV:  3    Int:  8    God:
Gold:   25         SH:  8    Dex: 11    Spells: 2/2 levels left

rFire    . . .     SeeInvis +   a - +0 war axe
rCold    . . .     Gourm    .   c - +0 kite shield
rNeg     . . .     Faith    .   i - +0 chain mail
rPois    +         Spirit   .   (no helmet)
rElec    .         Reflect  .   (no cloak)
rCorr    .         Harm     .   (no gloves)
MR       .....                  (no barding)
Stlth    ..........             (no amulet)
HPRegen  0.11/turn              (no ring)
MPRegen  0.08/turn              (no ring)

@: lethally poisoned (-1 -> -4), very slow
A: large, see invisible, deformed body, poison resistance, slowness 2, slow
metabolism 1, spit poison 1, AC +1
a: Spit Poison


You were on level 2 of the Dungeon.
You were not hungry.

You visited 1 branch of the dungeon, and saw 2 of its levels.

You collected 25 gold pieces.

Inventory:

Hand Weapons
 a - a +0 war axe (weapon)
Armour
 c - a +0 kite shield (worn)
 i - a +0 chain mail (worn)
   (You found it on level 1 of the Dungeon)
Scrolls
 b - a scroll of teleportation {unknown}
 g - 2 scrolls of enchant armour {unknown}
 j - 3 scrolls of identify {unknown}
Potions
 d - a potion of might
 f - a potion of degeneration {unknown}
Comestibles
 e - 3 rations
 h - 6 chunks of flesh


   Skills:
 + Level 3.2 Fighting
 * Level 2.7 Axes
 + Level 2.6 Armour
 + Level 2.6 Shields


You had 2 spell levels left.
You didn't know any spells.
Your spell library was empty.

Dungeon Overview and Level Annotations

Branches:
Dungeon (2/15)

Altars:


Innate Abilities, Weirdness & Mutations

You cannot wear boots.
Your serpentine skin is tough. (AC +1)
You have supernaturally acute eyesight. (SInv)
Armour fits poorly on your strangely shaped body.
Your system is resistant to poisons. (rPois)
You cover ground very slowly.
You have a slow metabolism.
You can spit poison.


Message History

The worker ant bites you.
* * * LOW HITPOINT WARNING * * *
You block the leopard gecko's attack.
You are too injured to fight recklessly!
You feel sick.
The leopard gecko hisses menacingly.
The adder bites you but does no damage.
The leopard gecko bites you but does no damage.
The adder bites you but does no damage.
You feel sick.
The leopard gecko bites you but does no damage.
The adder barely misses you.
You feel sick. The leopard gecko barely misses you.
You can't go up here!
There is a stone staircase leading up here.
The leopard gecko bites you.
* * * LOW HITPOINT WARNING * * *
The leopard gecko bites you but does no damage.
The adder bites you.
You die...

. ###.... .. #.....
### ... #.#...
#..##
#...#.#..###....##
........##......##
###.#..#)K.........
......)K...g....#
##.....####lS.#...
..#...# #.@..#
#...........#
#..#......#.....
....#.....# .......
... ...... .......
.. ##.... .......
#..... .......
#.... ....###


You could see an adder, a leopard gecko, a hobgoblin and a kobold.

Vanquished Creatures
  A dart slug (D:1)
  2 leopard geckos
  A giant cockroach (D:1)
  2 goblins (D:1)
  7 hobgoblins
  2 jackals (D:2)
  A kobold (D:2)
  A ball python (D:1)
  5 bats (D:1)
  A frilled lizard (D:2)
  3 rats (D:1)
26 creatures vanquished.

Notes
Turn   | Place    | Note
-------+----------+-------------------------------------------
     0 | D:1      | Flugslaktarn the Naga Fighter began the quest for the Orb.
     0 | D:1      | Reached XP level 1. HP: 21/21 MP: 1/1
    17 | D:1      | Reached XP level 2. HP: 4/28 MP: 2/2
   906 | D:1      | Reached XP level 3. HP: 34/34 MP: 3/3
   935 | D:2      | Slain by an adder

Illustrated notes

Levels and vault maps discovered:
D:1:      dpeg_arrival_shelter, layout_rooms
D:2:      layout_rooms, nicolae_overflow_hidden_temple, minivault_19,
          minmay_pentomino_pile, uniq_jessica

Action                   || total
-------------------------++-------
Melee: War axe           ||    67
 Abil: Spit Poison       ||     1
Armor: Scale mail        ||    27
       Chain mail        ||    39
Dodge: Dodged            ||    27
Block: Kite shield       ||    38

Table legend:
 A = Non-vault XP
 B = Vault XP
 C = Vault XP percentage of total XP
 D = Non-vault monster count
 E = Vault monster count
 F = Vault count percentage of total count
                 A         B        C        D         E       F
            +---------+---------+-------+---------+---------+-------
      Total |      38 |       8 |  17.4 |      22 |       4 |  15.4
            +---------+---------+-------+---------+---------+-------
        D:1 |      34 |       0 |   0.0 |      20 |       0 |   0.0
        D:2 |       4 |       8 |  66.7 |       2 |       4 |  66.7
            +---------+---------+-------+---------+---------+-------
